 Dungeon Crawl Stone Soup version 0.31-a0-986-g5e6e4ef867 (webtiles) character file.

Game seed: 8967305762373868679

59 gelatine the Trooper (level 3, -1/29 HPs)
             Began as a Demonspawn Fighter on Nov 22, 2023.
             Slain by a cerulean imp
             ... wielding a +2 spear
             ... summoned by Natasha
              (5 damage)
             ... on level 2 of the Dungeon.
             The game lasted 00:03:54 (1155 turns).

gelatine the Trooper (Demonspawn Fighter)           Turns: 1155, Time: 00:03:56

Health: -1/29      AC:  3    Str: 18    XL:     3   Next: 78%
Magic:  0/3        EV: 10    Int:  9    God:
Gold:   103        SH:  8    Dex: 12    Spells: 2/2 levels left

rFire   . . .        a - +0 war axe
rCold   . . .        c - +0 buckler
rNeg    . . .        l - +0 leather armour
rPois   .            (helmet restricted)
rElec   .            (no cloak)
rCorr   .            (no gloves)
SInv    .            (no boots)
Will    .....        i - amulet of guardian spirit
Stlth   +            (no ring)
HPRegen 0.24/turn    (no ring)
MPRegen 0.08/turn

%: guardian spirit
@: slowed, very slow
A: horns 1, condensation shield
a: no special abilities


You were on level 2 of the Dungeon.
You visited 1 branch of the dungeon, and saw 2 of its levels.

You collected 103 gold pieces.

Inventory:

Hand Weapons
 a - a +0 war axe (weapon)
Missiles
 g - 5 stones (quivered)
Armour
 b - a +0 scale mail
 c - a +0 buckler (worn)
 l - a +0 leather armour (worn)
Jewellery
 i - an amulet of guardian spirit (around neck)
 j - a ring of ice
Scrolls
 f - a scroll of immolation {unknown}
 h - a scroll of enchant armour {unknown}
 k - a scroll of identify {unknown}
 m - 2 scrolls of teleportation {unknown}
Potions
 d - 2 potions of might
 e - a potion of cancellation {unknown}
 n - a potion of degeneration {unknown}


   Skills:
 * Level 3.3 Fighting
 * Level 2.4 Axes
 * Level 0.3 Throwing
 * Level 3.0 Armour
 * Level 0.3 Dodging
 * Level 0.8 Stealth
 * Level 3.0 Shields
 * Level 0.2 Spellcasting


You had 2 spell levels left.
You didn't know any spells.
Your spell library was empty.

Dungeon Overview and Level Annotations

Branches:
Dungeon (2/15)

Altars:

Shops:
D:1 *

Annotations:
D:2 Natasha


Innate Abilities, Weirdness & Mutations

You have a pair of small horns on your head.
A meltable shield of frost defends you. (SH +4)


Message History

Natasha casts a spell at you.
You feel as though you will be slow longer.
Natasha claws you but does no damage.
You barely miss Natasha.
Natasha is severely wounded.
Natasha closely misses you.
Natasha mumbles some strange words.
You barely miss Natasha.
Natasha is severely wounded.
You barely miss the cerulean imp.
Natasha casts a spell.
The cerulean imp barely misses you.
Natasha wildly gestures.
You feel troubled.
Natasha mumbles some strange words.
You hit Natasha but do no damage. Your headbutt misses Natasha.
Natasha is severely wounded.
You miss the cerulean imp. You closely miss the cerulean imp.
You block the cerulean imp's attack. Natasha closely misses you.
The cerulean imp hits you with a +0 spear.
The cerulean imp hits you from afar with a +0 spear.
* * * LOW HITPOINT WARNING * * *
You block the cerulean imp's attack. You block Natasha's attack.
The cerulean imp closely misses you.
The cerulean imp hits you but does no damage.
The cerulean imp misses you.
You completely miss Natasha.
Natasha is severely wounded.
You closely miss the cerulean imp. You barely miss the cerulean imp.
Natasha casts a spell at you. You resist with significant effort.
The cerulean imp hits you with a +0 spear.
You block the cerulean imp's attack.
The cerulean imp hits you with a +2 spear.
* * * LOW HITPOINT WARNING * * *
Natasha claws you.
* * * LOW HITPOINT WARNING * * *
The cerulean imp hits you but does no damage. x2
The cerulean imp hits you with a +2 spear.
You die...

♣ .P P. ##♣♣P♣P.♣ #...PPP.♣
#.♣..P♣♣♣#### #.#♣♣♣♣♣#...##
#......5@h...# ##.......5....#
#.......5♣♣♣♣♣ #####
#.......♣♣.PP♣ #...#
##.....♣♣♣...♣♣
#...######...#♣.P.P.P♣
#.........###♣♣♣...♣♣♣ ♣♣♣
#.........#....♣.♣♣♣♣#######♣PP
#........÷..♣....♣♣...>....♣♣.P


You could see Natasha and 3 cerulean imps.

Vanquished Creatures
  2 adders (D:2)
  A worm (D:2)
  A dart slug (D:1)
  5 ball pythons
  An endoplasm (D:1)
  3 giant cockroaches (D:1)
  2 goblins
  4 hobgoblins (D:1)
  3 jackals (D:1)
  2 quokkas
  5 bats
  A frilled lizard (D:2)
  2 kobolds
  A rat (D:2)
33 creatures vanquished.

Notes
Turn   | Place    | Note
-------+----------+-------------------------------------------
     0 | D:1      | gelatine the Demonspawn Fighter began the quest for the
                  | Orb.
     0 | D:1      | Reached XP level 1. HP: 18/18 MP: 1/1
   173 | D:1      | Gained mutation: A meltable shield of frost defends you.
                  | (SH +4) [demonic ancestry]
   173 | D:1      | Reached XP level 2. HP: 20/24 MP: 2/2
   258 | D:1      | Found Ruolaitu's General Store.
   283 | D:1      | Found a faded altar of an unknown god.
   728 | D:2      | Gained mutation: You have a pair of small horns on your
                  | head. [demonic ancestry]
   728 | D:2      | Reached XP level 3. HP: 29/29 MP: 3/3
  1144 | D:2      | Noticed Natasha
  1155 | D:2      | Slain by a cerulean imp

Illustrated notes

Levels and vault maps discovered:
D:1:      dpeg_arrival_renting, layout_basic,
          hellmonk_ecumenical_altar_dog_temple, serial_shops, shop_statue,
          chequers_serial_rivers_micro_d
D:2:      layout_rooms, serial_forest, infiniplex_forest_end_3,
          infiniplex_forest_side_room, infiniplex_forest_lined_corner,
          infiniplex_forest_lined_room_3, infiniplex_forest_end_3,
          infiniplex_forest_lined_room_, uniq_natasha, uniq_crazy_yiuf_cottage

Skill      XL: |  1  2  3 |
---------------+----------+-----
Axes           | 2 |  2.4
Armour         | 3 |  3.0
Shields        | 3 |  3.0
Fighting       | |  3.3
Throwing       | |  0.3
Dodging        | |  0.3
Stealth        | |  0.8
Spellcasting   | |  0.2

Action                     || total
---------------------------++-------
  Melee: War axe           ||   118
         Headbutt          ||    10
  Throw: Stone             ||     1
 Armour: Scale mail        ||    51
         Leather armour    ||    47
  Dodge: Dodged            ||    52
  Block: Buckler           ||    52

Table legend: (Time is in decaauts)
 A = Elapsed time spent in this place.
 B = Non-inter-level travel time spent in this place.
 C = Inter-level travel time spent in this place.
 D = Time resting spent in this place.
 E = Time spent auto-exploring this place.
 F = Levels seen in this place.
 G = Mean time per level.
                   A        B        C        D        E       F      G
               +--------+--------+--------+--------+--------+-----+--------+
         Total |   1210 |   1182 |     28 |      0 |    828 |   2 |  605.0 |
       Dungeon |   1210 |   1182 |     28 |      0 |    828 |   2 |  605.0 |
               +--------+--------+--------+--------+--------+-----+--------+

Top non-repeatable levels by time:
     D:1: 748 daAuts
     D:2: 462 daAuts
